Cogmind - Beta 15 @@@ ROGUE MODE // 2025.08.20 @ 23:24:41 Player: supraman Result: Destroyed by Y-64 Sentinel with Wave Gun Performance ------------- Evolutions (5) 2500 Regions Visited (13) 2600 Robots Destroyed (77) 385 Value Destroyed (3089) 3089 Prototype IDs (41) 820 Alien Tech Used (0) 0 Bonus (600) 600 TOTAL SCORE: 9994 Bonus ------- Aligned with FarCom 300 Met Data Miner 300 Cogmind --------- Core Integrity 0/1000 Matter 21/300 Energy 100/100 System Corruption 5% Temperature Cool (9) Movement Core (50) Location -5/Factory Parts ------- > --- POWER (2) -------- (None) > --- PROPULSION (5) --- (None) > --- UTILITY (7) ------ (None) > --- WEAPON (3) ------- (None) > --- INVENTORY (5) ---- Deuterium Engine Heavy Deuterium Engine Energy Well (350) Improved Matter Compressor (154) Heavy Laser Peak State ------------ > --- POWER ------------ Heavy Deuterium Engine Heavy Deuterium Engine > --- PROPULSION ------- Medium Treads Medium Treads Medium Treads Medium Treads > --- UTILITY ---------- Advanced Heat Sink High-capacity Storage Unit Energy Well Improved Matter Compressor Seismic Detector Makeshift Hacking Suite Improved Hacking Suite > --- WEAPON ----------- Heavy Laser Gauss Cannon Mini Assault Cannon > --- INVENTORY -------- Deuterium Engine Heavy Deuterium Engine Heavy Deuterium Engine Large Storage Unit Advanced Weight Redist. System Kinecellerator Advanced ECM Suite Layered Light Armor Plating Layered Light Armor Plating [Rating: 70] Favorites ----------- Power Deuterium Engine Engine Deuterium Engine Propulsion Light Treads Treads Light Treads Hover Unit Combat Gravmag System Flight Unit Field Propulsion Drive Utility Coolant Injector Device Coolant Injector Storage Large Storage Unit Processor Enhanced Optical Array Hackware Makeshift Hacking Suite Protection Layered Light Armor Plating Weapon Heavy Ion Cannon Energy Gun Heavy Laser Energy Cannon Heavy Ion Cannon Ballistic Gun Enhanced Autogun Ballistic Cannon Mini Assault Cannon Slashing Weapon Makeshift Sword Build | -11 -10 -10 -10 -9 -8 -7 -7 -7 -6 -6 -6 -6 -5 ------- Run | Yrd Mat Min Exi Min Mat Fac Low Dat Pro Fac Low Low Fac Slots Evolved 10 | . . . . . 4 2 . . . 2 . . 2 Power 1 | . . . . . . . . . . . . . 1 Propulsion 3 | . . . . . 1 1 . . . . . . 1 Utility 5 | . . . . . 2 1 . . . 2 . . . Weapon 1 | . . . . . 1 . . . . . . . . Parts Attached 62 | 8 . 1 1 1 9 7 1 . 2 14 7 1 10 Power 8 | 1 . . . . 2 . . . . 4 . . 1 Engine 8 | 1 . . . . 2 . . . . 4 . . 1 Core . | . . . . . . . . . . . . . . Reactor . | . . . . . . . . . . . . . . Propulsion 12 | 2 . . . . 1 2 . . 1 2 2 . 2 Treads 10 | 2 . . . . 1 1 . . 1 2 2 . 1 Leg . | . . . . . . . . . . . . . . Wheel . | . . . . . . . . . . . . . . Hover 1 | . . . . . . . . . . . . . 1 Flight 1 | . . . . . . 1 . . . . . . . Utility 27 | 2 . . 1 1 2 4 1 . 1 6 3 1 5 Device 14 | 2 . . 1 1 1 2 . . . 3 2 1 1 Storage 6 | . . . . . 1 1 . . 1 . 1 . 2 Processor 2 | . . . . . . 1 . . . 1 . . . Hackware 2 | . . . . . . . . . . . . . 2 Protection 3 | . . . . . . . 1 . . 2 . . . Artifact . | . . . . . . . . . . . . . . Weapon 15 | 3 . 1 . . 4 1 . . . 2 2 . 2 Energy Gun 1 | . . . . . . . . . . . 1 . . Energy Cannon 3 | . . . . . 2 . . . . 1 . . . Ballistic Gun 6 | 3 . . . . 2 . . . . . . . 1 Ballistic Cannon 4 | . . . . . . 1 . . . 1 1 . 1 Launcher . | . . . . . . . . . . . . . . Special Weapon . | . . . . . . . . . . . . . . Impact Weapon . | . . . . . . . . . . . . . . Slashing Weapon 1 | . . 1 . . . . . . . . . . . Piercing Weapon . | . . . . . . . . . . . . . . Special Melee Weapon . | . . . . . . . . . . . . . . Unidentified Prototypes 7 | . . . 2 1 1 1 . . . 1 . . 1 Parts Lost 33 | . . . . . . . . . . 5 8 . 20 Power 3 | . . . . . . . . . . 1 . . 2 Propulsion 9 | . . . . . . . . . . . 4 . 5 Utility 12 | . . . . . . . . . . 2 2 . 8 Weapon 9 | . . . . . . . . . . 2 2 . 5 Highest Loss Streak 7 | . . . . . . . . . . 3 7 . 6 To Critical Strikes 1 | . . . . . . . . . . . 1 . . Average Backups 9 | 2 5 5 4 4 6 8 11 14 14 14 11 8 7 Power 2 | . 2 2 1 . . 1 2 3 3 2 4 4 2 Propulsion 1 | . . . . . . . . 2 2 3 3 1 . Utility 4 | . 2 1 1 1 2 3 6 7 7 6 3 3 4 Weapon 1 | 1 1 1 1 2 2 3 2 2 2 1 . . . Tool/Special . | . . . . . . . . . . . . . . Unused Backups 7 | . . . . 1 . 1 1 . . 2 . . 2 Power 4 | . . . . 1 . . . . . 2 . . 1 Propulsion . | . . . . . . . . . . . . . . Utility . | . . . . . . . . . . . . . . Weapon 3 | . . . . . . 1 1 . . . . . 1 Tool/Special . | . . . . . . . . . . . . . . Average Slot Usage (%) 88 | . 71 61 75 100 99 99 96 100 100 95 88 92 55 Engine 6 | . . . 5 14 9 7 7 7 7 5 6 6 4 Treads 24 | . 28 28 28 28 26 30 30 30 30 26 23 20 7 Device 18 | . 14 14 20 28 26 28 15 15 15 18 14 25 8 Storage 6 | . . . . . 9 7 7 7 7 6 11 6 6 Processor 2 | . . . . . . 1 7 7 7 6 . . . Hackware 1 | . . . . . . . . . . . . . 9 Protection 4 | . . . . . . . 5 7 7 10 13 13 . Energy Cannon 7 | . . . . . 16 10 13 15 15 12 4 . . Ballistic Gun 6 | . 28 8 5 14 9 7 7 7 7 6 4 . . Ballistic Cannon 3 | . . . . . . 4 . . . . 7 13 9 Slashing Weapon 1 | . . 9 13 14 . . . . . . . . . Peak Build Rating 70 | 7 5 7 18 25 44 58 55 49 50 63 63 55 70 Average Rating 43 | 4 5 6 11 18 42 52 46 49 49 56 48 54 41 On Entrance 34 | . 6 5 7 18 25 44 55 49 49 50 63 50 55 Naked Turns 6 | . . . . . . . . . . . . . 6 Heaviest Build 98 | 6 3 3 15 28 56 72 73 73 73 80 98 80 92 Greatest Support 121 | 3 3 3 20 40 60 80 80 80 80 97 105 93 121 Greatest Overweight (x) 9 | 1 . . 3 . . . . . . . 1 . 9 Average Overweight (x) . | . . . . . . . . . . . . . . Largest Inventory Capacity 25 | 5 5 5 5 5 8 15 15 15 25 15 20 20 20 Average Capacity 12 | 5 5 5 5 5 8 13 15 15 15 15 19 20 11 Most Carried 15 | 5 5 5 5 5 8 14 14 14 15 15 14 9 14 Average Carried 9 | 2 5 5 4 5 7 9 11 14 14 14 11 8 7 Final Capacity 20 | 5 5 5 5 5 8 15 15 15 15 15 20 20 5 Final Carried 15 | 4 5 5 5 5 8 14 14 14 15 14 10 8 5 Class Distribution -------------------- 35% | Tank 18% | Mutant 15% | Skirmisher 7% | Scavenger-Tank 7% | Hacker-Mutant 5% | Gunner 4% | Infiltrator-Gunner 3% | Scavenger-Gunner Dominant Class ---------------- Mutant | -10/Materials Mutant | -10/Mines Mutant | -10/Exiles Mutant | -9/Mines Skirmisher | -8/Materials Gunner | -7/Factory Tank | -7/Lower Caves Tank | -7/Data Miner Tank | -6/Proximity Caves Tank | -6/Factory Tank | -6/Lower Caves Scavenger-Tank | -6/Lower Caves Hacker-Mutant | -5/Factory Resources | -11 -10 -10 -10 -9 -8 -7 -7 -7 -6 -6 -6 -6 -5 ----------- Run | Yrd Mat Min Exi Min Mat Fac Low Dat Pro Fac Low Low Fac Matter Collected 2564 | 298 . . . 49 234 229 173 . 82 412 294 . 793 Remotely . | . . . . . . . . . . . . . . Salvage Created 3164 | 129 . . . . 319 393 142 . 247 808 225 . 901 Parts 125 | 8 . . . . 12 16 10 . 15 29 9 . 26 Haulers Intercepted 1 | . . . . . . . . . . 1 . . . Recyclers Shooed 4 | 1 . . . . . . . . . 1 . . 2 Parts Field Recycled . | . . . . . . . . . . . . . . Retrieved Matter . | . . . . . . . . . . . . . . Parts Self-Destructed 33 | . . . . . . . 10 . 12 . 11 . . Prevented . | . . . . . . . . . . . . . . Kills | -11 -10 -10 -10 -9 -8 -7 -7 -7 -6 -6 -6 -6 -5 ------- Run | Yrd Mat Min Exi Min Mat Fac Low Dat Pro Fac Low Low Fac Combat Hostiles Destroyed 56 | . . . . . 3 8 5 . 5 13 5 . 17 Guns 13 | . . . . . . 3 1 . 1 5 1 . 2 Cannons 41 | . . . . . 3 4 4 . 4 8 4 . 14 AOE 1 | . . . . . . . . . . . . . 1 Classes Destroyed 16 | 2 . . . . 4 2 . . 2 2 1 . 3 Worker 5 | . . . . . . . . . . . . . 5 Tunneler 2 | 2 . . . . . . . . . . . . . Hauler 1 | . . . . . . . . . . 1 . . . Recycler 4 | 1 . . . . 1 1 . . . . . . 1 Operator 1 | . . . . . 1 . . . . . . . . Watcher 8 | . . . . . 3 . . . . 2 . . 3 Swarmer 14 | . . . . . . 3 4 . 3 4 . . . Grunt 20 | . . . . . . 3 . . . 2 4 . 11 Brawler 1 | . . . . . . . . . . . 1 . . Duelist 1 | . . . . . . . . . . 1 . . . Sentry 7 | . . . . . 2 2 . . 1 2 . . . Specialist 2 | . . . . . . . . . . . . . 2 Hunter 4 | . . . . . 1 . 1 . . 2 . . . Programmer 6 | . . . . . . . . . 1 2 . . 3 Heavy 1 | . . . . . . . . . . . . . 1 Samaritan 1 | . . . . . . . . . 1 . . . . Best Kill Streak 10 | 2 . . . . 3 4 4 . 3 6 3 . 10 Combat Bots Only 6 | . . . . . 1 3 4 . 3 4 3 . 6 Max Kills in Single Turn 2 | 1 . . . . 1 2 1 . 1 2 1 . 2 Gunslinging . | . . . . . . . . . . . . . . Exploded 1 | . . . . . . . . . . . . . 1 Melee . | . . . . . . . . . . . . . . Uniques/NPCs Destroyed . | . . . . . . . . . . . . . . Combat | -11 -10 -10 -10 -9 -8 -7 -7 -7 -6 -6 -6 -6 -5 -------- Run | Yrd Mat Min Exi Min Mat Fac Low Dat Pro Fac Low Low Fac Hostile Shots Fired 518 | . . . . . 10 68 40 . 41 152 49 . 158 Missed 153 | . . . . . 2 24 8 . 13 49 12 . 45 Hits 365 | . . . . . 8 44 32 . 28 103 37 . 113 Melee 17 | . . . . . . . 7 . . 2 8 . . Projectile 348 | . . . . . 8 44 25 . 28 101 29 . 113 AOE 4 | . . . . . . . . . . 3 . . 1 Critical Strikes 11 | . . . . . . 1 1 . . 3 1 . 5 Part Disruptions 3 | . . . . . . . . . . 1 . . 2 Damage Taken 6707 | . . . . . 122 440 421 . 351 1649 723 . 3001 Core 1311 | . . . . . 18 38 46 . 6 128 58 . 1017 Absorbed by Shields 221 | . . . . . . . . . . 221 . . . Core Remaining (%) 92 | 100 . . . 100 96 . . . 87 . . 78 . Volleys Fired 231 | 6 . . 5 . 17 20 21 . 13 57 21 . 71 Largest 3 | 2 . . 1 . 3 3 3 . 3 3 3 . 3 Hottest 155 | 40 . . 20 . 155 155 155 . 155 155 130 . 149 Shots Fired 600 | 12 . . 5 . 51 60 61 . 39 158 51 . 163 Gun 203 | 12 . . 5 . 17 20 21 . 13 57 11 . 47 Cannon 397 | . . . . . 34 40 40 . 26 101 40 . 116 Launcher . | . . . . . . . . . . . . . . Special . | . . . . . . . . . . . . . . Kinetic 325 | 12 . . 5 . 17 35 29 . 13 57 39 . 118 Thermal 275 | . . . . . 34 25 32 . 26 101 12 . 45 Explosive . | . . . . . . . . . . . . . . Electromagnetic . | . . . . . . . . . . . . . . Robot Hit Streak 14 | 5 . . . . 11 14 4 . 6 11 6 . 10 Robot Miss Streak 10 | 1 . . . . 3 2 9 . 10 5 2 . 5 Penetration Max 1 | . . . . . . . . . . . . . 1 Secondary Targets . | . . . . . . . . . . . . . . Shots Hit Robots 321 | 8 . . . . 24 37 24 . 12 84 31 . 101 Core Hits 136 | 4 . . . . 10 14 7 . 7 32 10 . 52 Critical Kills . | . . . . . . . . . . . . . . Critical Parts Destroyed 1 | . . . . . . . . . . . . . 1 Critical Strikes 19 | . . . . . . 1 . . . . 3 . 15 Burn 2 | . . . . . . . . . . . . . 2 Destroy 1 | . . . . . . . . . . . . . 1 Blast 16 | . . . . . . 1 . . . . 3 . 12 Melee Attacks . | . . . . . . . . . . . . . . Impact . | . . . . . . . . . . . . . . Slashing . | . . . . . . . . . . . . . . Piercing . | . . . . . . . . . . . . . . Sneak Attacks . | . . . . . . . . . . . . . . Combat Hostiles . | . . . . . . . . . . . . . . Follow-up Attacks . | . . . . . . . . . . . . . . Damage Inflicted 8421 | 80 . . . . 582 910 525 . 292 2298 763 . 2971 Guns 1986 | 80 . . . . 126 235 150 . 71 587 118 . 619 Cannons 6313 | . . . . . 456 675 375 . 221 1711 645 . 2230 Explosions 112 | . . . . . . . . . . . . . 112 Melee . | . . . . . . . . . . . . . . Ramming 10 | . . . . . . . . . . . . . 10 Kinetic 4340 | 80 . . . . 126 454 200 . 71 587 577 . 2245 Thermal 4023 | . . . . . 456 456 325 . 221 1711 186 . 668 Explosive . | . . . . . . . . . . . . . . Electromagnetic 48 | . . . . . . . . . . . . . 48 Impact . | . . . . . . . . . . . . . . Slashing . | . . . . . . . . . . . . . . Piercing . | . . . . . . . . . . . . . . Highest Corruption 11 | . . . . . . . . . . 2 11 11 5 Average Corruption 4 | . . . . . . . . . . 1 4 11 1 Corruption Purged . | . . . . . . . . . . . . . . Corruption Blocked . | . . . . . . . . . . . . . . Effects 40 | . . . . . . . . . . 1 18 15 6 Message Errors 8 | . . . . . . . . . . . 4 3 1 Matter Fused 13 | . . . . . . . . . . 1 7 3 2 Heat Flow Errors 4 | . . . . . . . . . . . . 3 1 Energy Discharges 7 | . . . . . . . . . . . 2 4 1 Parts Fused 1 | . . . . . . . . . . . . . 1 Data Loss (minor) 5 | . . . . . . . . . . . 4 1 . Data Loss (major) 1 | . . . . . . . . . . . . 1 . Weapon Failures 1 | . . . . . . . . . . . 1 . . Overload Shots . | . . . . . . . . . . . . . . Overflow Damage 191 | . . . . . 55 7 7 . . 91 . . 31 Projectiles 191 | . . . . . 55 7 7 . . 91 . . 31 Explosions . | . . . . . . . . . . . . . . Melee . | . . . . . . . . . . . . . . Knockbacks 32 | . . . . . . 2 2 . . . 6 . 22 Impact . | . . . . . . . . . . . . . . Kinetic 31 | . . . . . . 2 2 . . . 6 . 21 Secondary 1 | . . . . . . . . . . . . . 1 Self-Inflicted Damage 5 | . . . . . . . . . . . . . 5 Shots . | . . . . . . . . . . . . . . Rammed 2 | . . . . . . . . . . . . . 2 Targets Rammed 2 | . . . . . . . . . . . . . 2 Kicked . | . . . . . . . . . . . . . . Crushed . | . . . . . . . . . . . . . . Highest Temperature 425 | . . . . . 165 199 196 . 199 425 399 255 292 Average Temperature 114 | . . . . . 60 93 112 . 110 148 148 122 68 Received Heat Transfer 1306 | . . . . . 27 162 . . 18 229 261 . 609 Effects 8 | . . . . . . . . . . 4 4 . . Shutdowns 3 | . . . . . . . . . . 2 1 . . Energy Bleed 2 | . . . . . . . . . . . 2 . . Interference 1 | . . . . . . . . . . 1 . . . Matter Decay 1 | . . . . . . . . . . . 1 . . Short Circuit 1 | . . . . . . . . . . 1 . . . Siege Activations . | . . . . . . . . . . . . . . Martial Activations . | . . . . . . . . . . . . . . Shielding Activations . | . . . . . . . . . . . . . . Robots Disrupted . | . . . . . . . . . . . . . . Combat Hostiles . | . . . . . . . . . . . . . . Robots Corrupted . | . . . . . . . . . . . . . . Combat Hostiles . | . . . . . . . . . . . . . . Parts Fried . | . . . . . . . . . . . . . . Impact Corruptions . | . . . . . . . . . . . . . . Robots Melted 1 | . . . . . . 1 . . . . . . . Combat Hostiles 1 | . . . . . . 1 . . . . . . . Parts Melted 7 | . . . . . 2 . 1 . 1 3 . . . Heat Transferred 5859 | . . . . . 629 629 444 . 296 2220 259 . 1382 Parts Sabotaged . | . . . . . . . . . . . . . . Parts Stolen 6 | . . . . . . . 3 . . . 3 . . Parts Stripped . | . . . . . . . . . . . . . . Power Chain Reactions 1 | . . . . . . . . . . . . . 1 Alert | -11 -10 -10 -10 -9 -8 -7 -7 -7 -6 -6 -6 -6 -5 ------- Run | Yrd Mat Min Exi Min Mat Fac Low Dat Pro Fac Low Low Fac Maximum Alert Level 1 | . . . . . . . . . . 1 . . 1 Low Security (%) 93 | 100 100 100 . 100 100 100 . . . 85 . . 82 Level 1 6 | . . . . . . . . . . 14 . . 17 Level 2 . | . . . . . . . . . . . . . . Level 3 . | . . . . . . . . . . . . . . Level 4 . | . . . . . . . . . . . . . . Level 5 . | . . . . . . . . . . . . . . High Security . | . . . . . . . . . . . . . . Max Security . | . . . . . . . . . . . . . . Peak Influence 299 | 10 45 13 . . 45 121 . . . 245 . . 299 Initial 13 | . . 13 . . . 13 . . . . . . . Average 49 | 1 14 3 . . 5 33 . . . 63 . . 119 Influence Increases 2063 | 15 45 . . . 180 241 135 . 125 433 110 . 779 Destroy 0b10 Robot/C 1120 | . . . . . 60 160 100 . 100 260 100 . 340 Destroy 0b10 Robot/NC 110 | 15 . . . . 25 5 . . 5 15 . . 45 Destroy Leader 258 | . . . . . 36 40 20 . 20 76 10 . 56 Successful Hack 4 | . . . . . . 4 . . . . . . . Disable Machine 180 | . . . . . 15 30 . . . 60 . . 75 Destroy Structure 61 | . . . . . 14 2 . . . 7 . . 38 Partial Spotted 15 | . . . . . . . . . . . . . 15 Lose Combat Pursuer 315 | . 45 . . . 30 . 15 . . 15 . . 210 Influence Decreases 1828 | 15 10 35 . . 150 236 113 57 125 196 347 . 544 Entered New Map 199 | . . 22 . . . 17 14 57 . . 89 . . Time Decay 1379 | 15 10 13 . . 150 219 99 . 125 166 238 . 344 Lost Part 250 | . . . . . . . . . . 30 20 . 200 Squads Dispatched 11 | . . . . . 1 2 . . . 2 . . 6 Investigation 2 | . . . . . . 1 . . . . . . 1 Extermination 5 | . . . . . . 1 . . . 2 . . 2 Reinforcement 4 | . . . . . 1 . . . . . . . 3 Assault . | . . . . . . . . . . . . . . Garrison . | . . . . . . . . . . . . . . Intercept . | . . . . . . . . . . . . . . Searches Triggered . | . . . . . . . . . . . . . . Construction Impeded . | . . . . . . . . . . . . . . Haulers Reinforced . | . . . . . . . . . . . . . . Active Scanning Responses . | . . . . . . . . . . . . . . Cargo Convoy Interrupts . | . . . . . . . . . . . . . . Stealth | -11 -10 -10 -10 -9 -8 -7 -7 -7 -6 -6 -6 -6 -5 --------- Run | Yrd Mat Min Exi Min Mat Fac Low Dat Pro Fac Low Low Fac Distress Signals 6 | . 1 . . . 2 . . . . . . . 3 Communications Jammed . | . . . . . . . . . . . . . . Distress Signals . | . . . . . . . . . . . . . . Times Spotted 116 | . 1 . . . 10 9 9 . 5 22 9 . 51 Peak Tracking Total 9 | . 4 . . . 2 3 4 . 3 4 3 . 9 Tactical Retreats 12 | . 1 . . . 1 . 1 . . 1 1 . 7 Traps | -11 -10 -10 -10 -9 -8 -7 -7 -7 -6 -6 -6 -6 -5 ------- Run | Yrd Mat Min Exi Min Mat Fac Low Dat Pro Fac Low Low Fac Traps Triggered 2 | . . . . . . 1 . . . 1 . . . Indirectly . | . . . . . . . . . . . . . . Trap Hack Attempts . | . . . . . . . . . . . . . . Triggered . | . . . . . . . . . . . . . . Disarmed . | . . . . . . . . . . . . . . Reprogrammed . | . . . . . . . . . . . . . . Reused . | . . . . . . . . . . . . . . Traps Extracted . | . . . . . . . . . . . . . . Installed . | . . . . . . . . . . . . . . Triggered . | . . . . . . . . . . . . . . Machines | -11 -10 -10 -10 -9 -8 -7 -7 -7 -6 -6 -6 -6 -5 ---------- Run | Yrd Mat Min Exi Min Mat Fac Low Dat Pro Fac Low Low Fac Machines Disabled 12 | . . . . . 1 2 . . . 4 . . 5 Max in Single Turn 1 | . . . . . 1 1 . . . 1 . . 1 Garrison Access 1 | . . . . . . . . . . . . . 1 Machines Repaired . | . . . . . . . . . . . . . . Machines Dismantled . | . . . . . . . . . . . . . . Machines Sabotaged . | . . . . . . . . . . . . . . Overloaded Fab Kills . | . . . . . . . . . . . . . . Hacking | -11 -10 -10 -10 -9 -8 -7 -7 -7 -6 -6 -6 -6 -5 --------- Run | Yrd Mat Min Exi Min Mat Fac Low Dat Pro Fac Low Low Fac Machines Accessed 18 | . 2 . 2 1 1 4 . 4 . . . . 4 Terminals 6 | . 2 . . . 1 1 . . . . . . 2 Fabricators 4 | . . . . . . 3 . . . . . . 1 Repair Stations . | . . . . . . . . . . . . . . Recycling Units . | . . . . . . . . . . . . . . Scanalyzers . | . . . . . . . . . . . . . . Garrison Access 1 | . . . . . . . . . . . . . 1 Total Hacks 48 | . 3 . 2 1 2 5 . 27 . . . . 8 Successful 39 | . 1 . 2 1 2 3 . 27 . . . . 3 Failed 9 | . 2 . . . . 2 . . . . . . 5 Catastrophic . | . . . . . . . . . . . . . . Database Lockouts . | . . . . . . . . . . . . . . Manual 4 | . . . 3 . . . . . . . . . 1 Terminals 10 | . 3 . . . 2 2 . . . . . . 3 Fabricators 4 | . . . . . . 3 . . . . . . 1 Repair Stations . | . . . . . . . . . . . . . . Recycling Units . | . . . . . . . . . . . . . . Scanalyzers . | . . . . . . . . . . . . . . Garrison Access 4 | . . . . . . . . . . . . . 4 Terminal Hacks 34 | . 1 . 2 1 2 . . 27 . . . . 1 Record 12 | . . . 1 . . . . 11 . . . . . Part Schematic 10 | . . . . . . . . 10 . . . . . Robot Schematic 3 | . . . . . . . . 3 . . . . . Prototype ID Bank 4 | . . . . . 1 . . 3 . . . . . Open Door 1 | . . . . 1 . . . . . . . . . Open DSF 1 | . . . . . . . . . . . . . 1 Locate Traps 1 | . . . . . 1 . . . . . . . . Transport Status 1 | . 1 . . . . . . . . . . . . Proto ID Catalog 1 | . . . 1 . . . . . . . . . . Fabricator Hacks 4 | . . . . . . 3 . . . . . . 1 Network Status 2 | . . . . . . 2 . . . . . . . Build 2 | . . . . . . 1 . . . . . . 1 Repair Station Hacks . | . . . . . . . . . . . . . . Recycling Unit Hacks . | . . . . . . . . . . . . . . Scanalyzer . | . . . . . . . . . . . . . . Garrison Access Hacks 1 | . . . . . . . . . . . . . 1 Seal Access 1 | . . . . . . . . . . . . . 1 Unauthorized Hacks . | . . . . . . . . . . . . . . Terminals . | . . . . . . . . . . . . . . Fabricators . | . . . . . . . . . . . . . . Repair Stations . | . . . . . . . . . . . . . . Recycling Units . | . . . . . . . . . . . . . . Scanalyzers . | . . . . . . . . . . . . . . Garrison Access . | . . . . . . . . . . . . . . Data Cores Recovered . | . . . . . . . . . . . . . . Used . | . . . . . . . . . . . . . . Hacking Detections 5 | . 1 . . . 1 2 . . . . . . 1 Full Trace Events 1 | . . . . . . . . . . . . . 1 Feedback Events 1 | . . . . . . . . . . . . . 1 Corruption 1 | . . . . . . . . . . . . . 1 Feedback Blocked . | . . . . . . . . . . . . . . Robot Schematics Acquired 3 | . . . . . . . . 3 . . . . . Robots Built . | . . . . . . . . . . . . . . Authchips . | . . . . . . . . . . . . . . Time . | . . . . . . . . . . . . . . Total Robot Build Rating . | . . . . . . . . . . . . . . Part Schematics Acquired 10 | . . . . . . . . 10 . . . . . Parts Built 4 | . . . . . . 2 . . . . . . 2 Authchips . | . . . . . . . . . . . . . . Time 223 | . . . . . . 106 . . . . . . 117 Total Part Build Rating 26 | . . . . . . 12 . . . . . . 14 Parts Repaired . | . . . . . . . . . . . . . . Time . | . . . . . . . . . . . . . . Parts Recycled . | . . . . . . . . . . . . . . Recycled Matter . | . . . . . . . . . . . . . . Retrieved Matter . | . . . . . . . . . . . . . . Retrieved Components . | . . . . . . . . . . . . . . Parts Scanalyzed . | . . . . . . . . . . . . . . Part Schematics Acquired . | . . . . . . . . . . . . . . Parts Damaged . | . . . . . . . . . . . . . . Bothacking | -11 -10 -10 -10 -9 -8 -7 -7 -7 -6 -6 -6 -6 -5 ------------ Run | Yrd Mat Min Exi Min Mat Fac Low Dat Pro Fac Low Low Fac Used RIF Installer . | . . . . . . . . . . . . . . Robots Hacked . | . . . . . . . . . . . . . . Non-combat . | . . . . . . . . . . . . . . Combat . | . . . . . . . . . . . . . . Robot Hacks Applied . | . . . . . . . . . . . . . . Relay Couplers Released . | . . . . . . . . . . . . . . Fabnet Peak Effective % . | . . . . . . . . . . . . . . Robots Rewired . | . . . . . . . . . . . . . . Allies Hacked . | . . . . . . . . . . . . . . Hacks Repelled . | . . . . . . . . . . . . . . Allies | -11 -10 -10 -10 -9 -8 -7 -7 -7 -6 -6 -6 -6 -5 -------- Run | Yrd Mat Min Exi Min Mat Fac Low Dat Pro Fac Low Low Fac Total Allies . | . . . . . . . . . . . . . . Largest Group . | . . . . . . . . . . . . . . Highest-Rated Group . | . . . . . . . . . . . . . . Highest-Rated Ally . | . . . . . . . . . . . . . . Total Orders . | . . . . . . . . . . . . . . Ally Attacks . | . . . . . . . . . . . . . . Total Damage . | . . . . . . . . . . . . . . Kills . | . . . . . . . . . . . . . . Allies Corrupted . | . . . . . . . . . . . . . . Allies Melted . | . . . . . . . . . . . . . . Intel | -11 -10 -10 -10 -9 -8 -7 -7 -7 -6 -6 -6 -6 -5 ------- Run | Yrd Mat Min Exi Min Mat Fac Low Dat Pro Fac Low Low Fac Active Infowar (turns) 5165 | 30 56 87 536 231 69 160 805 132 562 611 562 385 939 Optics 2254 | . . . . . . 142 805 132 562 611 2 . . Sensors 560 | . . . . . . . . . . . 560 . . Structural 498 | . . . . . . . . . . . . . 498 Seismic 1835 | 30 56 87 536 231 69 . . . . . . 385 441 Cloaking 6 | . . . 6 . . . . . . . . . . ECM 44 | . . . . . . 18 . . . . 26 . . Robot Analysis Total . | . . . . . . . . . . . . . . Derelict Logs Recovered 5 | . . . . 2 . . 2 . 1 . . . . Drone Launches . | . . . . . . . . . . . . . . Drone Recoveries . | . . . . . . . . . . . . . . Exploration | -11 -10 -10 -10 -9 -8 -7 -7 -7 -6 -6 -6 -6 -5 ------------- Run | Yrd Mat Min Exi Min Mat Fac Low Dat Pro Fac Low Low Fac Turns Passed 7125 | 67 56 87 536 246 989 814 805 132 562 649 786 385 1011 Spaces Moved 4274 | 45 107 88 677 153 466 434 448 81 311 254 372 240 598 Core 839 | 45 107 88 533 . . . . . . . . . 66 Treads 3064 | . . . 144 153 466 434 448 81 311 254 372 240 161 Legs . | . . . . . . . . . . . . . . Wheels . | . . . . . . . . . . . . . . Hover 371 | . . . . . . . . . . . . . 371 Flight . | . . . . . . . . . . . . . . Fastest Speed 50 | 50 50 50 50 160 160 165 165 165 165 165 160 160 50 Average Speed 137 | 76 50 50 73 160 162 165 165 165 165 165 178 160 112 Slowest Speed 500 | 100 50 50 200 160 163 165 165 165 165 165 245 160 500 Overloaded Moves . | . . . . . . . . . . . . . . Propulsion Burnouts . | . . . . . . . . . . . . . . Robots Hopped . | . . . . . . . . . . . . . . Potential Cave-ins . | . . . . . . . . . . . . . . Cave-ins Triggered . | . . . . . . . . . . . . . . Time Travels 1 | . . . 1 . . . . . . . . . . Exploration Rate (%) 38 | 3 30 26 93 44 25 10 67 75 50 10 53 29 18 Regions Visited 13 Branch Regions 8 Pre-discovered Areas 1 | . . . . . . . . 1 . . . . . Known Exits Taken 1 | . . . . . . . . . 1 . . . . Unknown Exits Taken 12 | 1 1 1 1 1 1 1 1 1 . 1 1 1 . Scrap Searched 5 | . . . . 1 . . 2 . 1 . 1 . . Spaces Dug 4 | . . . . . 4 . . . . . . . . Terrain Destroyed 63 | . . . . . 14 1 10 . 3 6 10 . 19 Melee . | . . . . . . . . . . . . . . Projectile 58 | . . . . . 14 1 10 . 3 6 10 . 14 AOE 5 | . . . . . . . . . . . . . 5 Terrain Rammed . | . . . . . . . . . . . . . . Walls Destroyed . | . . . . . . . . . . . . . . Machines Disabled . | . . . . . . . . . . . . . . Actions | -11 -10 -10 -10 -9 -8 -7 -7 -7 -6 -6 -6 -6 -5 --------- Run | Yrd Mat Min Exi Min Mat Fac Low Dat Pro Fac Low Low Fac Total 5098 | 65 109 131 711 155 661 496 476 80 335 380 455 241 803 Wait 424 | . 2 39 16 . 156 22 2 . 7 36 51 . 93 Move 4261 | 44 106 87 676 152 465 433 447 80 310 253 371 239 598 Hop . | . . . . . . . . . . . . . . Pick Up 34 | 5 . . 2 . 5 6 4 . 1 5 1 . 5 Fast Attach 33 | 5 . 1 2 1 5 4 . . . 9 2 . 4 Attach 44 | 3 . . 5 . 3 2 2 . . 5 7 2 15 Detach 29 | 2 1 2 3 1 1 4 . . . 3 2 . 10 Swap 15 | . . . . . 3 2 . . 3 6 . . 1 Drop 25 | . . 2 2 1 6 3 . . 1 6 . . 4 Fire 231 | 6 . . 5 . 17 20 21 . 13 57 21 . 71 Melee . | . . . . . . . . . . . . . . Ram 2 | . . . . . . . . . . . . . 2 Kick . | . . . . . . . . . . . . . . Crush . | . . . . . . . . . . . . . . Escape Stasis . | . . . . . . . . . . . . . . Rewire . | . . . . . . . . . . . . . . Trap . | . . . . . . . . . . . . . . Miscellaneous . | . . . . . . . . . . . . . . Route ------- -11/Scrapyard -10/Materials -10/Mines -10/Exiles (discovered 2 exits: *Min x2) -9/Mines -8/Materials -7/Factory -7/Lower Caves (discovered 2 exits: *Low / *Dat) -7/Data Miner -6/Proximity Caves -6/Factory -6/Lower Caves -6/Lower Caves -5/Factory History --------- Turn | Location | Event 5 | -11/Scrapyard | Discovered new exit (range 16) 68 | -11/Scrapyard | Entered Materials 114 | -10/Materials | Discovered new exit (range 9) 124 | -10/Materials | Entered Mines 127 | -10/Mines | Assembled infested the area 139 | -10/Mines | A weapon hastily lodged in a ceiling crevice suddenly fell to the ground 209 | -10/Mines | Deemed a non-threat by the Exiles lab entrance 209 | -10/Mines | Discovered new exit (range 5) 211 | -10/Mines | Entered Exiles 234 | -10/Exiles | Discovered new exit (range 14) 240 | -10/Exiles | Met 8R-AWN 250 | -10/Exiles | Met EX-HEX 276 | -10/Exiles | Met EX-DEC 287 | -10/Exiles | Visited The Gauntlet 315 | -10/Exiles | Build established: Mutant 363 | -10/Exiles | Met EX-BIN 425 | -10/Exiles | Discovered new exit (range 14) 467 | -10/Exiles | Aligned with FarCom system 467 | -10/Exiles | Given EX-Vault access code 487 | -10/Exiles | Opened EX-Vault 489 | -10/Exiles | Found Prototype Device 489 | -10/Exiles | Identified Cloak of Protection 496 | -10/Exiles | Found Prototype Device 496 | -10/Exiles | Identified Chronowheel 496 | -10/Exiles | Activated Chronowheel 496 | -10/Exiles | Spacetime reconverged on an earlier point 524 | -10/Exiles | Found AWS/Thermal 574 | -10/Exiles | Warned to stay clear of 0b10 Research branches 747 | -10/Exiles | Stole two prototypes: Cloak of Protection, AWS/Thermal 747 | -10/Exiles | Entered Mines 795 | -9/Mines | Learned Materials terminal intel 858 | -9/Mines | Learned location of 1 exit from Proximity Caves 938 | -9/Mines | Discovered new exit (range 8) 971 | -9/Mines | Found the Drone Emporium 979 | -9/Mines | Found Prototype Device 979 | -9/Mines | Identified Sensor Drone Bay 993 | -9/Mines | Entered Materials 993 | -8/Materials | Evolved 4 slots: Propulsion x1, Utility x2, Weapon x1 994 | -8/Materials | Loaded intel: 12 terminal locations 1356 | -8/Materials | Build established: Skirmisher 1928 | -8/Materials | Discovered new exit (range 16) 1982 | -8/Materials | Entered Factory 1982 | -7/Factory | Evolved 2 slots: Propulsion x1, Utility x1 1984 | -7/Factory | FarCom data flow suspended 2280 | -7/Factory | Build established: Gunner 2480 | -7/Factory | Fabricated Field Propulsion Drive? 2630 | -7/Factory | Build established: Infiltrator-Gunner 2716 | -7/Factory | Discovered new exit (range 6) 2746 | -7/Factory | Found Powered Armor 2796 | -7/Factory | Entered Lower Caves 2796 | -7/Lower Caves | Spotted YO-C0G(f) 2796 | -7/Lower Caves | Spotted ZH-WNM(f) 2797 | -7/Lower Caves | Cloak of Protection stolen by Master Thief 2798 | -7/Lower Caves | Encountered a Master Thief 2798 | -7/Lower Caves | Encountered a Master Thief 2799 | -7/Lower Caves | AWS/Thermal stolen by Master Thief 2821 | -7/Lower Caves | Spotted JA-71K(f) 2822 | -7/Lower Caves | Encountered a Master Thief 2835 | -7/Lower Caves | Mni. Assault Cannon stolen by Master Thief 3161 | -7/Lower Caves | Identified exit to Lower Caves 3287 | -7/Lower Caves | Build established: Tank 3594 | -7/Lower Caves | A Derelict revealed a hidden shortcut to meet someone special 3595 | -7/Lower Caves | Learned 4 Factory zone layouts 3601 | -7/Lower Caves | Entered Data Miner 3601 | -7/Data Miner | Discovered new exit (range 6) 3623 | -7/Data Miner | Met Data Miner 3671 | -7/Data Miner | Learned location of Section 7 (-3) 3671 | -7/Data Miner | Acquired the access code to Warlord's prototype stash 3696 | -7/Data Miner | Received God Mode back door access code from Data Miner 3733 | -7/Data Miner | Entered Proximity Caves 3734 | -6/Proximity Caves | Identified exit to Factory 3901 | -6/Proximity Caves | Attracted the attention of an 0b10 checkpoint 3950 | -6/Proximity Caves | Learned Factory security intel 4295 | -6/Proximity Caves | Entered Factory 4295 | -6/Factory | Evolved 2 slots: Utility x2 4417 | -6/Factory | Lost 3 parts (1p1u1w) 4701 | -6/Factory | Spotted B-75 Beast 4767 | -6/Factory | Discovered new exit (range 21) 4944 | -6/Factory | Entered Lower Caves 4944 | -6/Lower Caves | Spotted 9U-CG3(f) 4945 | -6/Lower Caves | Sensor Drone Bay stolen by Master Thief 4945 | -6/Lower Caves | Spotted YM-38Y(f) 4946 | -6/Lower Caves | Encountered a Master Thief 4946 | -6/Lower Caves | Encountered a Master Thief 4951 | -6/Lower Caves | Force Field stolen by Master Thief 5520 | -6/Lower Caves | System corruption reached 10% 5566 | -6/Lower Caves | Lost 7 parts (4n1u2w) 5714 | -6/Lower Caves | Discovered new exit (range 11) 5730 | -6/Lower Caves | Entered another Lower Caves area 5763 | -6/Lower Caves | Discovered new exit (range 14) 5904 | -6/Lower Caves | Build established: Scavenger-Tank 6115 | -6/Lower Caves | Entered Factory 6115 | -5/Factory | Evolved 2 slots: Power x1, Propulsion x1 6482 | -5/Factory | Lost 3 parts (3n) 6600 | -5/Factory | Lost 5 parts (1n3u1w) 6669 | -5/Factory | Lost 4 parts (1p2u1w) 6713 | -5/Factory | Core integrity fell below 50% 6854 | -5/Factory | Build established: Hacker-Mutant 6940 | -5/Factory | Fabricated Imp. Force Booster (x2) 7030 | -5/Factory | Spotted B-75 Beast 7110 | -5/Factory | Core integrity fell below 20% 7126 | -5/Factory | Destroyed by Y-64 Sentinel with Wave Gun Last Messages --------------- K-01 Serf cleans the TF Node. Slug penetrates Wall. System corrupted: Matter fused (-5). Penetrated by Slug. Imp. Hacking Suite destroyed. Penetrated by Slug. Slug penetrates Wall. Penetrated by Slug. Enh. Gauss Cannon destroyed. Slug penetrates Wall. Penetrated by Slug. Mak. Hacking Suite destroyed. Structural Scanner destroyed. Slug penetrates Wall. Critical hit (Burn: +37). Penetrated by Slug. Cmb. Gravmag System destroyed. Mni. Assault Cannon destroyed. Penetrated by Slug. Acquired 3 matter. Map ----- +----------------------------------------------------+ | ????????????????????## ##??????????????????? | | ????????????????????## " ##??????????????????? | | ????????????????????## ##??????????????????? | | ????????????????????## ##??????????????????? | | ????????????????????## ##??????????????????? | | ????????????????????#### ####??????????????????? | | ????????????????######## ####??????????????????? | | ????????????????######## ########??????????????? | | ???????????????? # ########??????????????? | | ?????????????????""" ""# # ??????????????? | | ?????????????## """ Y"# k# """" ???????????????? | | ?????????????## """ ""# " """" ???????????????? | | ?????????????## + p/ """" ???????????????? | | ?????????????## """ # # """" ???????????????? | | ?????????????## """ # # ?""" ???????????????? | | ??????????????? """ # l # ???"????????????????? | | ??????????????# # # ????????????????????? | | ??????????????########## # ????????????????????? | | ??????????????########## ##????????????????????? | | ??????????????????????## ##????????????????????? | | ????????????????????? #% #????????????????????? | | ????????????????????? # #????????????????????? | | ????????????????????? + Y ##???????????????????? | | ????????????????????? # ##???????????????????? | | ????????????????????? # %##???????????????????? | | ?????????????????????##"#@####???????????????????? | | ?????????????????????## # ####???????????????????? | | ?????????????????????#### #??????????????????????? | | ?????????????????????#### u??????????????????????? | | ????????????????????????###??????????????????????? | | ????????????????????????###??????????????????????? | | ?????????????????????????????????????????????????? | | ?????????????????????????????????????????????????? | | ?????????????????????????????????????????????????? | | ?????????????????????????????????????????????????? | | ?????????????????????????????????????????????????? | | ?????????????????????????????????????????????????? | | ?????????????????????????????????????????????????? | | ?????????????????????????????????????????????????? | | ?????????????????????????????????????????????????? | | ?????????????????????????????????????????????????? | | ?????????????????????????????????????????????????? | | ?????????????????????????????????????????????????? | | ?????????????????????????????????????????????????? | | ?????????????????????????????????????????????????? | | ?????????????????????????????????????????????????? | | ?????????????????????????????????????????????????? | | ?????????????????????????????????????????????????? | | ?????????????????????????????????????????????????? | | ?????????????????????????????????????????????????? | +----------------------------------------------------+ Best States ------------- Heat Dissipation 59 Coolant Potential 130 Energy Generation 31 Energy Capacity 870 Matter Stores 300 Matter Capacity 600 Sight Range 22 Robot Scan Range 15 Terrain Scan Density 10 ECM Strength 2 Cloak Strength 5 Additional Mass Support 9 Armor Coverage 400 Phase Shifting 5 Evasion (%) 50 Recoil Reduction 4 Kinecelleration 30 Offensive Hacking 23 Item Schematics ----------------- Combat Drone Bay | -7/Data Miner | Free Lgt. Regenerative Plating | -7/Data Miner | Free Multireflex Exoskeleton | -7/Data Miner | Free Thermal Defense Suite | -7/Data Miner | Free Force Rifle | -7/Data Miner | Free Arm. Medium Treads | -7/Data Miner | Free Imp. Kinecellerator | -7/Data Miner | Free Imp. Arc Projector | -7/Data Miner | Free Angular Momentum Engine | -7/Data Miner | Free Imp. Linear Gravjet | -7/Data Miner | Free Robot Schematics ------------------ G-47 Trooper | -7/Data Miner | Free M-14 Sweeper | -7/Data Miner | Free B-48 Gladiator | -7/Data Miner | Free Fabricated ------------ Field Propulsion Drive | x2 | -7/Factory | Preloaded Imp. Force Booster | x2 | -5/Factory | Preloaded Repaired ---------- Nothing Alien Tech Used ----------------- None Achievements -------------- The Oracle Challenges ------------ None Game ------ Seed PlasmaIonCompactor Manual? 0 Play Time 02:49:56 Cumulative 25.8 hours Start 2025.08.20 @ 15:32:15 End 2025.08.20 @ 23:24:41 Sessions 3 Manual Loads 0 Difficulty Rogue Special Mode None Game No. 10 Rogue 9 Adventurer 1 Explorer 0 Win Type - Total 0 Types 0/0/0/0/0/0/0/0/0/0 Lore% 9 Gallery% 19 Achievement% 18 Wizard Run 0 Options --------- Layout 0 ASCII 0 Keyboard 0 Movement Mouse Keybinds 0 Fullscreen 1 Font 24/Smallcaps Map View 76x50 Zoom Use 0% Tactical HUD 0 Map Filters NONE Filters NONE Steam 1 RUN: 69d3803f-8581-4bcd-a1aa-a30600ef0044